 Dungeon Crawl Stone Soup version 0.28.0 (webtiles) character file.

Game seed: 1722963103656715126

24142 rocky1 the Geomancer (level 13, -17/80 HPs)
             Began as a Gargoyle Earth Elementalist on Feb 13, 2022.
             Was a High Priest of Vehumet.
             Hit by a silver javelin thrown by a minotaur (22 damage)
             ... in a Gauntlet on Feb 14, 2022.
             The game lasted 01:38:54 (21343 turns).

rocky1 the Geomancer (Gargoyle Earth Elementalist) Turns: 21343, Time: 01:38:54

Health: -17/80     AC: 15    Str: 12    XL:     13   Next: 11%
Magic:  14/27      EV: 11    Int: 21    God:    Vehumet [*****.]
Gold:   1173       SH:  0    Dex: 10    Spells: 25/32 levels left

rFire   + + .      SeeInvis .   T - +6 demon trident (venom)
rCold   + . .      Faith    .   (no shield)
rNeg    + . .      Spirit   .   h - +0 leather armour
rPois   ∞          Reflect  .   D - +0 helmet
rElec   +          Harm     .   B - scarf {rC+ rF+}
rCorr   .          Rampage  .   f - +0 pair of gloves
Will    .....      NoTele   +   S - +0 pair of boots
Stlth   ++........              i - amulet of regeneration
HPRegen 1.03/turn               M - ring of wizardry
MPRegen 0.20/turn               R - ring of protection from fire

@: no status effects
A: sickness immunity, AC +9, negative energy resistance 1, electricity
resistance, torment resistance 1, petrification resistance
a: Renounce Religion


You were in a Gauntlet.
You worshipped Vehumet.
Vehumet was extremely pleased with you.
You visited 4 branches of the dungeon, and saw 17 of its levels.
You also visited: Gauntlet.

You collected 1173 gold pieces.

Inventory:

Hand Weapons
 t - the +8 demon trident "Rift" {distort, reach+}
   (You found it on level 6 of the Dungeon)

   It warps and distorts space around it, and may blink, banish, or inflict
   extra damage upon those it strikes.
   Unwielding it can cause banishment or high damage.
   It can reach especially far, and its reaching attacks ignore other creatures
   in the way.
 T - a +6 demon trident of venom (weapon)
Missiles
 c - 164 stones
Armour
 f - a +0 pair of gloves (worn)
 h - a +0 leather armour (worn)
 s - the +0 pair of boots of Death's Door {Rampage rF- Str+2 Int+5}
   (You found it in a Gauntlet)

   Str:       It affects your strength (+2).
   Int:       It affects your intelligence (+5).
   rF:        It makes you vulnerable to fire.
   Rampage:   It bestows one free step when moving towards enemies.
 v - a +2 robe of fire resistance
 B - a scarf of resistance (worn)
 D - a +0 helmet (worn)
 H - a +0 buckler
 Q - +0 acid dragon scales
 S - a +0 pair of boots (worn)
 V - a scarf of shadows
Jewellery
 i - an amulet of regeneration (around neck)
 m - a +6 ring of strength
 n - a ring of flight
 M - a ring of wizardry (left hand)
 O - a ring of wizardry
 R - a ring of protection from fire (right hand)
 X - a +4 ring of slaying
 Z - an amulet of faith
Wands
 k - a wand of paralysis (18)
 r - a wand of mindburst (10)
 G - a wand of flame (67)
 J - a wand of digging (6)
 L - a wand of acid (12)
 P - a wand of iceblast (9)
Scrolls
 a - 3 scrolls of brand weapon {unknown}
 b - 6 scrolls of teleportation
 l - 3 scrolls of enchant armour
 p - a scroll of vulnerability
 u - a scroll of holy word
 w - a scroll of enchant weapon {unknown}
 y - a scroll of silence
 z - a scroll of fog {unknown}
 A - 2 scrolls of amnesia
 E - 2 scrolls of immolation
 I - a scroll of fear
Potions
 d - a potion of mutation {unknown}
 e - 4 potions of flight
 g - 2 potions of curing
 j - 4 potions of attraction
 q - a potion of lignification {unknown}
 x - 4 potions of haste
 K - 2 potions of brilliance
 N - a potion of cancellation {unknown}
 U - a potion of heal wounds {unknown}
 W - a potion of berserk rage {unknown}
 Y - a potion of magic {unknown}


   Skills:
 + Level 9.0 Fighting
 - Level 1.5 Dodging
 - Level 2.1 Stealth
 + Level 10.1 Spellcasting
 - Level 10.0 Conjurations
 - Level 3.1 Transmutations
 - Level 6.3 Fire Magic
 - Level 12.0 Earth Magic
 + Level 7.5 Evocations


You had 25 spell levels left.
You knew the following spells:

 Your Spells              Type           Power      Damage    Failure   Level
a - Sandblast             Erth           100%       2d20      1%          1
b - Stone Arrow           Conj/Erth      100%       3d13      1%          3
c - Passwall              Tmut/Erth      35%        N/A       1%          2
d - Foxfire               Conj/Fire      100%       2x1d9     1%          1

Your spell library contained the following spells:

 Spells                   Type           Power      Damage    Failure   Level
 Irradiate                Conj/Tmut      19%        3d20      1%          5
 Petrify                  Tmut/Erth      42%        N/A       1%          4
 Confusing Touch          Hex            10%        N/A       10%         3
 Gell's Gravitas          Tloc           10%        N/A       10%         3
 Lesser Beckoning         Tloc           10%        N/A       10%         3
 Teleport Other           Tloc           10%        N/A       10%         3
 Tukima's Dance           Hex            10%        N/A       10%         3
 Yara's Violent Unravell  Hex/Tmut       8%         3d5       13%         5
 Anguish                  Hex/Necr       5%         N/A       32%         4
 Enfeeble                 Hex            5%         N/A       100%        7


Dungeon Overview and Level Annotations

Branches:
Dungeon (12/15)            Temple (1/1) D:5            Lair (2/6) D:11
    Orc (2/2) D:9             Elf (0/3) Orc:2       Gauntlet (1/1)
  Swamp: Lair:2-4    Shoals: Lair:2-4     Snake: Lair:2-4    Spider: Lair:2-4

Altars:
Ashenzari
Cheibriados
Dithmenos
Elyvilon
Fedhas
Gozag
Hepliaklqana
Kikubaaqudgha
Makhleb
Nemelex Xobeh
Okawaru
Qazlal
Ru
Sif Muna
Trog
Uskayaw
Vehumet
Wu Jian
Xom
Yredelemnul
Zin
The Shining One
Beogh

Annotations:
Orc:1 2 transporters, mrw3rdna's ghost, journeyman OgFE Gauntlet 8 transporters, 5 runed translucent doors


Innate Abilities, Weirdness & Mutations

You are immune to sickness and miasma.
Your stone body is resilient. (AC +9)
You are immune to poison.
You resist negative energy. (rN+)
You are resistant to electric shocks. (rElec)
You are resistant to unholy torment.
You are immune to petrification.


Message History

Press: ? - help, Q - select action, (/) - cycle Shift-Dir - straight line, f - minotaur
Aim: a minotaur, wielding a +0 vorpal glaive, wearing a +0 plate armour and quivering silver javelins (89% to hit)
The stone arrow hits the minotaur!
The minotaur is moderately wounded.
The minotaur hits you from afar with a +0 vorpal glaive!!
Aiming: Stone Arrow (safe; 1% risk of failure)
Press: ? - help, Q - select action, (/) - cycle Shift-Dir - straight line, f/p - minotaur
Aim: a minotaur, wielding a +0 vorpal glaive, wearing a +0 plate armour and quivering silver javelins (moderately wounded, 89% to hit)
The stone arrow misses the minotaur.
The minotaur hits you from afar with a +0 vorpal glaive!!
* * * LOW HITPOINT WARNING * * *
Okay, then.
Press: ? - help, v - describe, . - travel
Here: a minotaur, wielding a +0 vorpal glaive, wearing a +0 plate armour and quivering silver javelins (lightly wounded)
The floor.
Blink to where?
Press: ? - help, Dir - move target, p - minotaur
As you read the scroll of blinking, it crumbles to dust.
You feel better.
You feel better.
Aiming: Stone Arrow (safe; 1% risk of failure)
Press: ? - help, Q - select action, (/) - cycle Shift-Dir - straight line, f - minotaur
Aim: a minotaur, wielding a +0 vorpal glaive, wearing a +0 plate armour and quivering silver javelins (lightly wounded, 89% to hit)
The stone arrow hits the minotaur!!
The minotaur is heavily wounded.
Aiming: Stone Arrow (safe; 1% risk of failure)
Press: ? - help, Q - select action, (/) - cycle Shift-Dir - straight line, f/p - minotaur
Aim: a minotaur, wielding a +0 vorpal glaive, wearing a +0 plate armour and quivering silver javelins (heavily wounded, 89% to hit)
The stone arrow hits the minotaur!!
The minotaur is almost dead.
The minotaur hits you from afar with a +0 vorpal glaive!!
* * * LOW HITPOINT WARNING * * *
x2
Aiming: Stone Arrow (safe; 1% risk of failure)
Press: ? - help, Q - select action, (/) - cycle Shift-Dir - straight line, f/p - minotaur
Aim: a minotaur, wielding a +0 vorpal glaive, wearing a +0 plate armour and quivering silver javelins (almost dead, 89% to hit)
The stone arrow hits the minotaur!
The minotaur is almost dead.
The minotaur throws a silver javelin.
The silver javelin pierces through you!!
You die...

#8.8.8..#.♣..##...##...#
##8†©.8©#.PP..#.♣.##.#.#
#8.8.8..#..P♣.#......#.#
#...8...#...P.#.©.##.#.#
#..8#8..#.....#...##...# +###
#########.....#.©.##.#.##.⌠..#
...........∩..#......#§'....⌠+
#########.....#.©.##.#H##∩...#
#......t#.....#.@.##...# ⌠.#
#.#+###=#.....#.©.##.#.# #
#.#..≈#)#...♣.#...H..#.#
#.#.©≈#©#.....#.♣.##.#.#
#.#..≈#.#.♣..##...##...#
#.#+###!#...###.♣.######
#.......#...≈##...#
#########.P.≈≈#####
#.........♣.≈##


You could see a minotaur.

Vanquished Creatures
  Harold (D:7)
  A catoblepas (D:10)
  A hydra (Lair:1)
  3 two-headed ogres
  Urug (D:11)
  Sonja (Orc:2)
  A fire crab (Gauntlet)
  2 orc sorcerers
  A manticore (D:10)
  A cyclops (Orc:2)
  An apocalypse crab (Gauntlet)
  Joseph (D:7)
  A black mamba (Lair:1)
  2 gargoyles (D:11)
  A kobold demonologist (D:9)
  3 cane toads (Lair:1)
  2 komodo dragons (Lair:1)
  5 trolls
  A polar bear (Lair:2)
  3 blink frogs (Lair:1)
  A hornet (D:9)
  A ynoxinul (Gauntlet)
  3 wyverns
  A basilisk (Lair:1)
  4 fire bats (Gauntlet)
  A wraith (D:11)
  Grum (Lair:1)
  11 yaks
  A steam dragon (D:10)
  2 vampire mosquitoes (D:12)
  2 wargs
  An acid dragon (D:10)
  6 water moccasins
  2 black bears
  18 orc warriors
  A sky beast (D:8)
  3 ice beasts
  6 ogres
  2 centaurs
  4 wolves
  3 kobold brigands
  Blork the orc (Orc:1)
  4 bullfrogs
  4 scorpions
  A water moccasin zombie (D:5)
  A wyvern skeleton (D:5)
  15 killer bees
  4 wights (D:6)
  4 howler monkeys
  An electric eel (D:11)
  4 centaur zombies
  2 gnoll shamans
  4 jellies
  2 bullfrog skeletons
  A centaur skeleton (D:5)
  10 hounds
  16 orc priests
  2 iron imps (Gauntlet)
  13 orc wizards
  A killer bee zombie (D:6)
  2 adders
  10 gnolls
  A shadow imp (D:7)
  2 white imps
  An ufetubus (D:6)
  2 adder skeletons (D:4)
  A worm (D:2)
  4 dart slugs
  52 orcs
  6 endoplasms
  6 giant cockroaches
  11 goblins
  6 hobgoblins
  14 jackals
  A quokka (D:1)
  5 ball pythons
  4 bats
  2 frilled lizards (D:1)
  32 kobolds
  4 rats (D:1)
363 creatures vanquished.

Vanquished Creatures (others)
  An orc (D:11)
  43 foxfires
  2 plants (Lair:1)
46 creatures vanquished.

Grand Total: 409 creatures vanquished

Notes
Turn   | Place    | Note
-------+----------+-------------------------------------------
     0 | D:1      | rocky1 the Gargoyle Earth Elementalist began the quest for
                  | the Orb.
     0 | D:1      | Reached XP level 1. HP: 10/10 MP: 3/3
    72 | D:1      | Reached skill level 4 in Earth Magic
   128 | D:1      | Reached XP level 2. HP: 15/15 MP: 3/5
   596 | D:1      | Reached skill level 5 in Earth Magic
   596 | D:1      | Reached XP level 3. HP: 19/19 MP: 3/6
  1485 | D:2      | Reached XP level 4. HP: 15/24 MP: 0/7
  1896 | D:2      | Reached skill level 6 in Earth Magic
  2023 | D:2      | Learned a level 3 spell: Stone Arrow
  2154 | D:2      | Found a basalt altar of Yredelemnul.
  2640 | D:3      | Reached XP level 5. HP: 28/28 MP: 4/8
  2726 | D:3      | Reached skill level 7 in Earth Magic
  3439 | D:4      | Noticed an ogre
  3503 | D:4      | Killed an ogre
  3504 | D:4      | Reached skill level 8 in Earth Magic
  3504 | D:4      | Reached XP level 6. HP: 14/32 MP: 4/9
  3794 | D:4      | Reached skill level 9 in Earth Magic
  4064 | D:4      | Learned a level 2 spell: Passwall
  4278 | D:4      | Reached XP level 7. HP: 34/36 MP: 7/10
  4394 | D:4      | Reached skill level 1 in Transmutations
  4915 | D:5      | Entered Level 5 of the Dungeon
  4924 | D:5      | Reached skill level 1 in Conjurations
  5502 | D:5      | Found a burning altar of Makhleb.
  5598 | D:5      | Found an iron altar of Okawaru.
  5621 | D:5      | Reached XP level 8. HP: 37/41 MP: 12/12
  6052 | D:5      | Found a staircase to the Ecumenical Temple.
  6067 | Temple   | Entered the Ecumenical Temple
  6462 | D:5      | Found an opulent altar of Gozag.
  6571 | D:5      | Found a sacrificial altar of Ru.
  6575 | D:5      | Found a snail-covered altar of Cheibriados.
  6578 | D:5      | Found a radiant altar of Vehumet.
  6578 | D:5      | Found a white marble altar of Elyvilon.
  6585 | D:5      | Found a shimmering blue altar of Sif Muna.
  6604 | D:5      | Became a worshipper of Vehumet
  6928 | D:6      | Reached skill level 10 in Earth Magic
  7624 | D:6      | Reached XP level 9. HP: 45/45 MP: 4/15
  7709 | D:6      | Found the +8 demon trident "Rift" {distort, reach+}
  7785 | D:6      | Reached * piety under Vehumet
  7785 | D:6      | Offered knowledge of Shock by Vehumet.
  7786 | D:6      | Reached skill level 5 in Conjurations
  8215 | D:6      | Reached skill level 5 in Spellcasting
  8780 | D:7      | Reached skill level 11 in Earth Magic
  9239 | D:7      | Noticed Harold
  9246 | D:7      | Killed Harold
  9360 | D:7      | Noticed Joseph
  9479 | D:7      | Killed Joseph
  9480 | D:7      | Reached skill level 12 in Earth Magic
  9480 | D:7      | Reached XP level 10. HP: 36/50 MP: 3/19
  9946 | D:7      | Offered knowledge of Foxfire by Vehumet.
  9955 | D:7      | Reached ** piety under Vehumet
 10254 | D:7      | Reached skill level 1 in Fighting
 10256 | D:7      | Learned a level 1 spell: Foxfire
 10462 | D:8      | Reached skill level 1 in Evocations
 10712 | D:8      | Reached skill level 1 in Fire Magic
 11208 | D:8      | Found an ornate altar of the Wu Jian Council.
 11457 | D:8      | Found a sparkling altar of Nemelex Xobeh.
 11569 | D:9      | Found a staircase to the Orcish Mines.
 11578 | D:9      | Offered knowledge of Poisonous Vapours by Vehumet.
 12349 | D:9      | Reached *** piety under Vehumet
 12851 | D:9      | Noticed a kobold demonologist
 12860 | D:9      | Killed a kobold demonologist
 12861 | D:9      | Reached XP level 11. HP: 60/60 MP: 15/22
 13526 | D:10     | Entered Level 10 of the Dungeon
 13685 | D:10     | Noticed a catoblepas
 13685 | D:10     | Noticed a manticore
 13689 | D:10     | Killed a manticore
 13755 | D:9      | Offered knowledge of Inner Flame by Vehumet.
 14117 | D:10     | Noticed a two-headed ogre
 14123 | D:10     | Killed a two-headed ogre
 14202 | D:10     | Killed a catoblepas
 14203 | D:10     | Reached skill level 5 in Fighting
 14290 | D:10     | Noticed a two-headed ogre
 14296 | D:10     | Killed a two-headed ogre
 15071 | D:11     | Noticed a two-headed ogre
 15082 | D:11     | Killed a two-headed ogre
 15367 | D:11     | Reached skill level 5 in Fire Magic
 15940 | D:11     | Reached **** piety under Vehumet
 16012 | D:11     | Noticed Urug
 16021 | D:11     | Found a staircase to the Lair.
 16373 | D:11     | Killed Urug
 16374 | D:11     | Reached skill level 5 in Evocations
 16374 | D:11     | Reached XP level 12. HP: 60/70 MP: 15/24
 17268 | D:12     | Offered knowledge of Dazzling Flash by Vehumet.
 17315 | D:12     | Noticed a centaur warrior
 17417 | Orc:1    | Entered Level 1 of the Orcish Mines
 17499 | Orc:1    | Found a transporter.
 17729 | Orc:1    | Reached skill level 10 in Conjurations
 17935 | Orc:1    | Found a transporter.
 17939 | Orc:1    | Noticed mrw3rdna's ghost (journeyman OgFE)
 18041 | Orc:2    | Entered Level 2 of the Orcish Mines
 18199 | Orc:2    | Noticed a soul eater
 18577 | Orc:2    | Noticed Sonja
 18609 | Orc:2    | Killed Sonja
 18886 | Orc:2    | Found a staircase to the Elven Halls.
 18987 | Orc:2    | Noticed Blork the orc
 19109 | Orc:1    | Killed Blork the orc
 19154 | Orc:2    | Noticed an orc warlord
 19476 | Lair:1   | Entered Level 1 of the Lair of Beasts
 19712 | Lair:1   | Noticed Grum
 19724 | Lair:1   | Killed Grum
 20124 | Lair:1   | Noticed an eight-headed hydra
 20132 | Lair:1   | Killed an eight-headed hydra
 20371 | Lair:1   | Reached ***** piety under Vehumet
 20374 | Lair:1   | Offered knowledge of Irradiate by Vehumet.
 20748 | Lair:2   | Reached XP level 13. HP: 78/79 MP: 13/26
 20809 | Lair:2   | Found a gate leading to a gauntlet.
 20817 | Gauntlet | Entered a Gauntlet
 20817 | Gauntlet | Found a transporter.
 20822 | Gauntlet | Found a transporter.
 20824 | Gauntlet | Found a transporter.
 20850 | Gauntlet | Found a transporter.
 20866 | Gauntlet | Found a runed translucent door.
 20870 | Gauntlet | Found a transporter.
 20870 | Gauntlet | Found a transporter.
 20886 | Gauntlet | Found a transporter.
 20898 | Gauntlet | Found a runed translucent door.
 20900 | Gauntlet | Found a transporter.
 20902 | Gauntlet | Found a runed translucent door.
 20905 | Gauntlet | Found a transporter.
 20926 | Gauntlet | Found a transporter.
 20931 | Gauntlet | Found a transporter.
 20941 | Gauntlet | Found a transporter.
 20981 | Gauntlet | Found a runed translucent door.
 20982 | Gauntlet | Found a transporter.
 20983 | Gauntlet | Found a runed translucent door.
 20997 | Gauntlet | Found a transporter.
 21110 | Gauntlet | Reached skill level 10 in Spellcasting
 21254 | Gauntlet | Identified the +0 pair of boots of Death's Door {Rampage
                  | rF- Str+2 Int+5}
 21332 | Gauntlet | Noticed a minotaur
 21342 | Gauntlet | HP: 4/80 [minotaur (6)]
 21343 | Gauntlet | Hit by a silver javelin thrown by a minotaur

Illustrated notes

Levels and vault maps discovered:
D:1:      matt_arrival_diagonals, layout_loops_ring, st_stairs_11
D:2:      layout_basic, basic_altar, chequers_ecumenical_altar_simple_redux,
          uniq_natasha
D:3:      layout_loops_ring, st_stairs_1
D:4:      layout_cave_pods, minmay_box_of_dots
D:5:      layout_loops_cross, nicolae_overflow_crystal_walls,
          okawaru_gym_becter, nicolae_overflow_hallway_of_the_gods,
          kennysheep_mini_moat, minmay_temple_entry_hall,
          corexii_leaking_fountain
D:6:      layout_basic, st_stairs_7
D:7:      layout_loops_ring, uniq_harold, uniq_joseph
D:8:      layout_loops_ring, general_overflow_altar, kennysheep_mini,
          st_stairs_12
D:9:      layout_long_grid, david_orc_1_choice
D:10:     nzn_motion_control, layout_long_grid
D:11:     layout_grid_maze, erik_lair_island, corner_web_ring, uniq_urug
D:12:     layout_gridville
Temple:   minmay_temple_bridge_abc
Lair:1:   layout_regular_city, minmay_hedge_maze, lemuel_old_faithful, uniq_grum
Lair:2:   layout_regular_city, portal_ice_cave_entry_pillars_2,
          gauntlet_entry_generic, uniq_gastronok
Orc:1:    layout_diamond_mine, gammafunk_ghost_berserking_beasts, basic_altar
Orc:2:    grunt_orc_cross, layout_caves, uniq_sonja
Gauntlet: minmay_gauntlet_77_tree [minmay_gauntlet_arena_77_two_lines,
          minmay_gauntlet_arena_77_checkered, minmay_gauntlet_arena_77_path,
          minmay_gauntlet_arena_77_cramped,
          minmay_gauntlet_arena_77_terracotta_army,
          minmay_gauntlet_arena_77_shame_cube,
          minmay_gauntlet_arena_77_chump_sandwich, gauntlet_exit_hidden_loot]

Skill      XL: |  1  2  3  4  5  6  7  8  9 10 11 12 13 |
---------------+----------------------------------------+-----
Earth Magic    | 4 5 6 8 9 10 12 | 12.0
Transmutations | 2 3 |  3.1
Conjurations   | 2 4 7 8 9 10 | 10.0
Spellcasting   | 3 4 6 7 8 9 10 | 10.1
Fighting       | 3 6 8 9 |  9.0
Evocations     | 3 5 7 |  7.5
Fire Magic     | 3 5 6 |  6.3
Dodging        | |  1.5
Stealth        | |  2.1

Action                   |  1- 3 |  4- 6 |  7- 9 | 10-12 | 13-15 || total
-------------------------+-------+-------+-------+-------+-------++-------
Melee: Unarmed           |    97 |       |       |       |       ||    97
       Dagger            |    30 |   153 |   101 |       |       ||   284
       Punch             |     4 |       |     5 |       |     1 ||    10
       Dire flail        |       |       |       |    41 |       ||    41
       Demon trident     |       |       |       |     4 |    12 ||    16
Throw: Dart              |       |       |       |     3 |       ||     3
       Stone             |       |       |       |     1 |       ||     1
 Cast: Sandblast         |    29 |    39 |    52 |    61 |       ||   181
       Stone Arrow       |       |       |    71 |   330 |    22 ||   423
       Foxfire           |       |       |       |    25 |       ||    25
Evoke: Wand              |       |       |     1 |       |       ||     1
  Use: Scroll            |       |       |    11 |     6 |     2 ||    19
       Potion            |       |       |       |       |     2 ||     2
Armor: Robe              |    43 |    27 |       |       |       ||    70
       Leather armour    |       |    49 |    83 |    94 |    27 ||   253
Dodge: Dodged            |    98 |    95 |   108 |   108 |    20 ||   429
